 Dungeon Crawl Stone Soup version 0.22.1-6-g1668fe2 (webtiles) character file.

58 Gingerlord the Charlatan (level 3, -1/27 HPs)
             Began as a Demonspawn Artificer on Feb 5, 2019.
             Slain by an orc priest
             ... wielding a +0 hand axe
              (3 damage)
             ... on level 2 of the Dungeon.
             The game lasted 00:03:02 (2144 turns).

Gingerlord the Charlatan (Demonspawn Artificer)     Turns: 2144, Time: 00:03:03

Health: -1/27      AC:  9    Str: 16 (18) XL:     3   Next: 75%
Magic:  5/5        EV: 12    Int: 16 (17) God:
Gold:   75         SH:  0    Dex: 11 (13) Spells: 2/2 levels left

rFire    . . .     SeeInvis .   a - +0 short sword
rCold    . . .     Gourm    .   (no shield)
rNeg     . . .     Faith    .   b - +0 leather armour
rPois    .         Spirit   .   (helmet restricted)
rElec    .         Reflect  .   (no cloak)
rCorr    .         Harm     .   (no gloves)
MR       .....                  (no boots)
Stlth    +.........             (no amulet)
HPRegen  0.09/turn              (no ring)
MPRegen  0.09/turn              (no ring)

@: mighty, brilliant, sanguine armour
A: antennae 1, sanguine armour 1
a: no special abilities


You were on level 2 of the Dungeon.
You were not hungry.

You visited 1 branch of the dungeon, and saw 3 of its levels.

You collected 75 gold pieces.

Inventory:

Hand Weapons
 a - a +0 short sword (weapon)
Armour
 b - a +0 leather armour (worn)
 n - a +0 plate armour
Wands
 c - a wand of flame (15)
 d - a wand of enslavement (15)
 e - a wand of random effects (15)
Scrolls
 g - a scroll of fear
 h - 2 scrolls of remove curse
 j - 4 scrolls of identify
 k - 2 scrolls of enchant armour {unknown}
 l - a scroll of magic mapping {unknown}
Potions
 i - a potion of agility
Comestibles
 f - 4 rations


   Skills:
 + Level 1.7 Fighting
 + Level 1.5 Short Blades
 + Level 1.2 Armour
 + Level 2.2 Dodging
 - Level 0.8 Stealth
 + Level 3.4 Evocations


You had 2 spell levels left.
You didn't know any spells.
Your spell library was empty.

Dungeon Overview and Level Annotations

Branches:
Dungeon (3/15)

Altars:
Uskayaw
Wu Jian


Innate Abilities, Weirdness & Mutations

You have a pair of small antennae on your head.
When seriously injured, your bleeding wounds create armour. (AC +6)


Message History

The orc priest hits you but does no damage.
The orc completely misses you.
It was a potion of might.
You feel very mighty all of a sudden.
The orc priest hits you but does no damage.
The orc hits you but does no damage.
You barely miss the orc priest. The orc closely misses you.
The orc priest hits you with a hand axe.
* * * LOW HITPOINT WARNING * * *
It was a potion of brilliance.
You feel clever all of a sudden. The orc barely misses you.
The orc priest hits you but does no damage.
It was a potion of degeneration.
There was something very wrong with that liquid.
You feel weakened.
You feel dopey.
You feel clumsy. The orc closely misses you.
You closely miss the orc priest.
The orc priest hits you with a hand axe.
You die...

#.# #.# ##.## #. #.#
###.##### ###...###. #.#
#.(.....# #.......#. ###.#
#.#.###.# #.....#.#. ....#
#.#.###.######.#.##.##
#####
#.#..........._.......
#.#####.######.#.##.##
#.#####.# #.......#
##########..)o@o.#
####.####
#........################.#
#.######.# #.........# #.#
#.# #.#######.#####
###<#### #.# ######.#####
#...... .......# #.#
#......<...# #.####.
###.##.###.#
#.####.###.###.## #.
#........# #.#
#.###.##...###. ####.#####
#.# #.#............


You could see an orc priest and an orc.

Vanquished Creatures
  An ooze (D:2)
  A worm (D:2)
  A dart slug (D:1)
  A ball python (D:1)
  6 giant cockroaches
  6 hobgoblins (D:1)
  7 jackals (D:1)
  8 bats
  4 frilled lizards (D:1)
  3 goblins
  5 kobolds
43 creatures vanquished.

Notes
Turn   | Place    | Note
-------+----------+-------------------------------------------
     0 | D:1      | Gingerlord the Demonspawn Artificer began the quest for the
                  | Orb.
     0 | D:1      | Reached XP level 1. HP: 15/15 MP: 3/3
    21 | D:1      | Reached skill level 1 in Short Blades
   316 | D:1      | Gained mutation: When seriously injured, your bleeding
                  | wounds create armour. (AC +6) [demonic ancestry]
   316 | D:1      | Reached XP level 2. HP: 20/21 MP: 4/4
   677 | D:1      | Gained mutation: You have a pair of small antennae on your
                  | head. [demonic ancestry]
   677 | D:1      | Reached XP level 3. HP: 17/26 MP: 5/5
   722 | D:1      | Reached skill level 1 in Armour
  1391 | D:2      | Found a hide-covered altar of Uskayaw.
  1791 | D:2      | Found an ornate altar of the Wu Jian Council.
  2144 | D:2      | Slain by an orc priest

Skill      XL: |  1  2  3 |
---------------+----------+-----
Short Blades   | 1 |  1.5
Dodging        | 2 |  2.2
Armour         | 1 |  1.2
Fighting       | |  1.7
Stealth        | |  0.8
Evocations     | |  3.4

Action                   || total
-------------------------++-------
Melee: Short sword       ||   187
  Use: Scroll            ||     3
       Potion            ||     3
 Stab: Sleeping          ||     3
  Eat: Ration            ||     1
       Chunk             ||     1
Armor: Leather armour    ||    75
Dodge: Dodged            ||   129
